 Dungeon Crawl Stone Soup version 0.19-a0-892-g8a19e52 (webtiles) character file.

100 Moloch the Chopper (level 4, 26/35 HPs)
             Began as a Demonspawn Fighter on July 4, 2016.
             Quit the game on level 3 of the Dungeon.
             The game lasted 00:01:24 (1218 turns).

Moloch the Chopper (Demonspawn Fighter)             Turns: 1218, Time: 00:01:24

Health: 26/35      AC:  6    Str: 17    XL:     4   Next: 47%
Magic:  4/4        EV:  8    Int: 10    God:
Gold:   107        SH:  8    Dex: 12    Spells: 0 memorised, 3 levels left

rFire  . . .     SeeInvis .     a - +0 war axe
rCold  . . .     Gourm    .     b - +0 scale mail
rNeg   . . .     Faith    .     c - +0 shield
rPois  .         Spirit   .     (helmet restricted)
rElec  .         Dismiss  .     (no cloak)
rCorr  .         Reflect  .     (no gloves)
SustAt .         Harm     .     (no boots)
MR     .....                    (no amulet)
Stlth  ..........               (no ring)
                                (no ring)

@: not resistant to hostile enchantments, extremely unstealthy
A: horns 1, repulsion field 1
a: no special abilities


You were on level 3 of the Dungeon.
You were not hungry.

You visited 1 branch of the dungeon, and saw 3 of its levels.

You collected 107 gold pieces.

Inventory:

Hand Weapons
 a - a +0 war axe (weapon)
Armour
 b - a +0 scale mail (worn)
 c - a +0 shield (worn)
Wands
 r - a wand of enslavement (10/24)
Scrolls
 h - 2 scrolls of blinking {unknown}
 j - a scroll of random uselessness {unknown}
 k - a scroll of identify {unknown}
 m - 2 scrolls of remove curse {unknown}
 p - a scroll of amnesia {unknown}
 q - a scroll of recharging {unknown}
 t - a scroll of fog {unknown}
Potions
 d - a potion of might
 e - a potion of magic {unknown}
 g - 3 potions of degeneration {unknown}
 i - a potion of curing {unknown}
 l - 3 potions of flight {unknown}
Comestibles
 f - a bread ration
 n - a beef jerky
 o - 2 meat rations
 s - a chunk of flesh


   Skills:
 - Level 3.0 Fighting
 + Level 4.3 Axes
 - Level 2.6 Armour
 - Level 2.6 Shields


You had 3 spell levels left.
You didn't know any spells.

Dungeon Overview and Level Annotations

Branches:
Dungeon (3/15)

Altars:


Innate Abilities, Weirdness & Mutations

You have a pair of small horns on your head.
You are surrounded by a mild repulsion field. (EV +2)


Message History

The orc priest is almost dead.
The orc priest hits you with a flail.
You hit the orc priest.
You kill the orc priest!
No target in view!
No target in view!
No target in view!
No target in view!
No target in view!
No target in view!
No target in view!
No target in view!
No target in view!
No target in view!
No target in view!
No target in view!
No target in view!
No target in view!
No target in view!
Are you sure you want to abandon this character and quit the game? (Confirm with "yes".)

#<# ###.# #..# #.#
#.###..# .#
#.....^.
.#######..##..#
##..............รท
#...........#####
#.#######..##
#.###.## #..##
#..)@..######...#
#####..##.......#
###..##.###...#
#....##.#
#.#######
#.##.##.#
#........
#.##.##.#
#########
#.##.##.#
#.#..##.#
#.#.###.#


There were no monsters in sight!

Vanquished Creatures
  An orc priest (D:3)
  3 adders
  An ooze (D:3)
  A dart slug (D:1)
  2 giant geckos
  2 orcs (D:3)
  A ball python (D:2)
  3 giant cockroaches
  A goblin (D:1)
  6 hobgoblins
  7 bats
  A giant newt (D:1)
  4 kobolds
  4 rats (D:2)
37 creatures vanquished.

Notes
Turn   | Place    | Note
-------+----------+-------------------------------------------
     0 | D:1      | Moloch the Demonspawn Fighter began the quest for the Orb.
     0 | D:1      | Reached XP level 1. HP: 18/18 MP: 1/1
    29 | D:1      | Reached skill level 2 in Axes
   127 | D:1      | Gained mutation: You are surrounded by a mild repulsion field. (EV +2) [demonic ancestry]
   127 | D:1      | Reached XP level 2. HP: 21/24 MP: 2/2
   638 | D:2      | Reached skill level 3 in Axes
   642 | D:2      | Gained mutation: You have a pair of small horns on your head. [demonic ancestry]
   642 | D:2      | Reached XP level 3. HP: 25/29 MP: 3/3
  1202 | D:3      | Reached XP level 4. HP: 32/35 MP: 4/4
  1208 | D:3      | Reached skill level 4 in Axes
  1218 | D:3      | Quit the game

Vault maps used:
D:1:      minmay_arrival_arboretum_small
D:2:      small_statue_intersection, minmay_tromino_i4
D:3:      first_bread, uniq_natasha

Skill      XL: |  1  2  3  4 |
---------------+-------------+-----
Axes           | 2 3 4 |  4.3
Fighting       | |  3.0
Armour         | |  2.6
Shields        | |  2.6

Action                   |  1- 3 |  4- 6 || total
-------------------------+-------+-------++-------
Melee: War axe           |   116 |    15 ||   131
       Headbutt          |     9 |     4 ||    13
  Eat: Chunk             |     1 |       ||     1
Armor: Scale mail        |    64 |     3 ||    67
Dodge: Dodged            |    44 |     3 ||    47
Block: Shield            |    60 |     8 ||    68
